 Dungeon Crawl Stone Soup version 0.26.1-2-gb8aa6d0cf2 (webtiles) character file.

Game seed: 14629333486661528098

2727 Cykl0x the Carver (level 9, -1/75 HPs)
             Began as a Minotaur Fighter on Feb 11, 2021.
             Splashed by Pikel's acid (14 damage)
             ... on level 7 of the Dungeon.
             The game lasted 00:10:51 (6779 turns).

Cykl0x the Carver (Minotaur Fighter)                Turns: 6779, Time: 00:10:51

Health: -1/75      AC:  8    Str: 24    XL:     9   Next: 40%
Magic:  8/8        EV:  8    Int:  5    God:
Gold:   402        SH: 12    Dex: 10    Spells: 8/8 levels left

rFire    . . .     SeeInvis .   a - +1 long sword
rCold    . . .     Faith    .   c - +1 kite shield
rNeg     . . .     Spirit   .   t - +0 chain mail
rPois    .         Reflect  .   (helmet restricted)
rElec    .         Harm     .   g - +0 cloak "Ubyodu" {Slay+2} (curse)
rCorr    .         Rampage  .   (no gloves)
Will     .....                  (no boots)
Stlth    ..........             (no amulet)
HPRegen  0.22/turn              (no ring)
MPRegen  0.11/turn              (no ring)

@: corroded
A: retaliatory headbutt, horns 2
a: no special abilities


You were on level 7 of the Dungeon.
You visited 1 branch of the dungeon, and saw 7 of its levels.
You also visited: Sewer.

You collected 402 gold pieces.

Inventory:

Hand Weapons
 a - a +1 long sword (weapon)
Missiles
 d - 2 curare-tipped darts
 h - 223 stones
 i - 6 boomerangs (quivered)
 w - 20 poisoned darts
Armour
 c - a +1 kite shield (worn)
 g - the cursed +0 cloak "Ubyodu" (worn) {Slay+2}
   (You found it on level 6 of the Dungeon)

   It affects your accuracy and damage with ranged weapons and melee attacks
   (+2).
   It has a curse placed upon it.
 t - a +0 chain mail (worn)
Jewellery
 b - a cursed ring of magical power
Wands
 r - a wand of flame (22)
 s - a wand of acid (11)
 u - a wand of random effects (14)
 v - a wand of iceblast (9)
Scrolls
 e - 3 scrolls of amnesia
 f - a scroll of immolation
 j - 6 scrolls of remove curse
 o - 6 scrolls of teleportation
Potions
 k - a potion of heal wounds
 l - 2 potions of ambrosia
 m - 5 potions of flight
 n - a potion of magic {unknown}
 p - a potion of haste
 q - 3 potions of degeneration {unknown}
 x - a potion of curing


   Skills:
 + Level 5.9 Fighting
 + Level 9.8 Long Blades
 + Level 4.0 Throwing
 + Level 7.7 Armour
 + Level 3.1 Dodging
 + Level 0.6 Stealth
 + Level 7.2 Shields


You had 8 spell levels left.
You didn't know any spells.
Your spell library was empty.

Dungeon Overview and Level Annotations

Branches:
Dungeon (7/15)              Sewer (visited)
 Temple: D:4-7

Altars:
Fedhas
Nemelex Xobeh
Vehumet
Wu Jian

Shops:
D:5 (

Annotations:
D:7 Pikel


Innate Abilities, Weirdness & Mutations

You reflexively headbutt those who attack you in melee.
You have a pair of horns on your head.


Message History

You are too injured to fight recklessly!
You are too injured to fight recklessly!
You are too injured to fight recklessly!
You are too injured to fight recklessly!
You are too injured to fight recklessly!
You are too injured to fight recklessly!
You are too injured to fight recklessly!
You are too injured to fight recklessly!
You are too injured to fight recklessly!
You are too injured to fight recklessly!
You are too injured to fight recklessly!
You are too injured to fight recklessly!
You are too injured to fight recklessly!
Unknown command.
You feel much better. You block the jelly's attack.
Pikel zaps a wand.
The bolt of acid hits the jelly.
The jelly completely resists.
The bolt of acid hits you!
* * * LOW HITPOINT WARNING * * *
You are splashed with acid!
You die...

...... #### # ....... #..#
###### ....... #..# #.....
.......## ..#######.####
........# #.....##..#
........## #.###.##.#####
........5#### #....)...)...#
........K.J.###...#.##.....#
........###@..>.#......###..
........#######.###....#_#..
......#...#####...###..#'#..
#########.......#.###.......
#......................
#..##..####..#.#.....#.
##................####.
#......####......# #.
##.#......##...<.<## #


You could see Pikel (strong), a lemure and a jelly.

Vanquished Creatures
  Grinder (D:4)
  Menkaure (D:5)
  A water moccasin (D:6)
  Duvessa (D:6)
  An orc warrior (D:7)
  A sky beast (D:5)
  3 ogres
  An ice beast (D:6)
  2 centaurs
  2 lemures (D:7)
  3 bullfrogs
  Dowan (D:6)
  3 scorpions
  A howler monkey (D:4)
  4 wights (D:6)
  4 orc priests
  3 hounds
  A jelly (D:5)
  2 iguanas
  Terence (D:3)
  3 worker ants
  4 orc wizards
  A merfolk siren (Sewer)
  A merfolk avatar (Sewer)
  A worker ant zombie (D:4)
  Robin (D:3)
  10 adders
  3 river rats
  A shadow imp (D:6)
  A white imp (D:6)
  An ufetubus (D:6)
  3 oozes
  An adder zombie (D:3)
  An adder skeleton (D:6)
  A worm (D:3)
  4 dart slugs (D:2)
  4 leopard geckos
  27 orcs
  7 giant cockroaches
  10 goblins
  14 hobgoblins
  9 jackals
  4 quokkas
  5 ball pythons
  4 bats
  7 frilled lizards
  4 kobolds
  32 rats
201 creatures vanquished.

Notes
Turn   | Place    | Note
-------+----------+-------------------------------------------
     0 | D:1      | Cykl0x the Minotaur Fighter began the quest for the Orb.
     0 | D:1      | Reached XP level 1. HP: 19/19 MP: 0/0
   160 | D:1      | Reached XP level 2. HP: 21/27 MP: 1/1
   869 | D:2      | Reached XP level 3. HP: 33/33 MP: 2/2
   910 | D:2      | Reached skill level 3 in Long Blades
  1668 | D:3      | Reached skill level 1 in Throwing
  1688 | D:3      | Reached XP level 4. HP: 19/40 MP: 3/3
  1965 | D:3      | Noticed Robin
  1974 | D:3      | Killed Robin
  2441 | D:3      | Reached skill level 4 in Long Blades
  2441 | D:3      | Reached XP level 5. HP: 34/46 MP: 4/4
  2444 | D:3      | Noticed Terence
  2454 | D:3      | Killed Terence
  2455 | D:3      | Reached skill level 1 in Dodging
  2898 | D:4      | Noticed Grinder
  2902 | D:4      | Paralysed by Grinder for 7 turns
  2913 | D:4      | HP: 2/46 [Grinder/puff of flame (8)]
  2914 | D:4      | Killed Grinder
  2915 | D:4      | Reached skill level 5 in Long Blades
  2915 | D:4      | Reached skill level 5 in Shields
  2915 | D:4      | Reached XP level 6. HP: 3/53 MP: 5/5
  3204 | D:4      | Reached skill level 5 in Armour
  3219 | D:4      | Reached XP level 7. HP: 52/60 MP: 6/6
  3536 | D:4      | Reached skill level 6 in Long Blades
  3940 | D:5      | Entered Level 5 of the Dungeon
  3940 | D:5      | Found Uqolex's Antique Weapon Shoppe.
  3960 | D:5      | Noticed Menkaure
  3966 | D:5      | Killed Menkaure
  4069 | D:5      | Reached XP level 8. HP: 67/67 MP: 7/7
  4128 | D:5      | Found an ornate altar of the Wu Jian Council.
  4174 | D:5      | Reached skill level 5 in Fighting
  4263 | D:5      | Reached skill level 7 in Long Blades
  4550 | D:5      | Found a sparkling altar of Nemelex Xobeh.
  4612 | D:5      | Found a blossoming altar of Fedhas.
  4762 | D:6      | Got an ancient cloak
  4767 | D:6      | Identified the cursed +0 cloak "Ubyodu" {Slay+2} (You found
                  | it on level 6 of the Dungeon)
  4921 | D:6      | Found a glowing drain.
  4930 | Sewer    | Entered a sewer
  5361 | D:6      | Reached skill level 8 in Long Blades
  5575 | D:6      | Noticed Duvessa
  5587 | D:6      | Killed Duvessa
  5588 | D:6      | Reached XP level 9. HP: 74/75 MP: 8/8
  5598 | D:6      | Noticed Dowan
  5625 | D:6      | Killed Dowan
  5702 | D:6      | Reached skill level 9 in Long Blades
  6292 | D:7      | Found a radiant altar of Vehumet.
  6761 | D:7      | Noticed Pikel
  6779 | D:7      | Splashed by Pikel's acid

Illustrated notes

Levels and vault maps discovered:
D:1:      beargit_arrival_greenhouse, layout_loops_cross
D:2:      layout_loops_ring, kennysheep_generic_room_4
D:3:      layout_rooms, amcnicky_mini_pool_small, minmay_tree_intersection,
          uniq_terence, uniq_robin
D:4:      layout_rooms, uniq_grinder
D:5:      layout_basic, overflow_temple_1_default, serial_shops, shop,
          basic_altar, nemelex_lonely_heart_becter, uniq_menkaure
D:6:      layout_loops_ring, portal_sewer_entry_b, uniq_duvessa
D:7:      layout_rooms, led_sif_book, kennysheep_mini_moat,
          nicolae_qazlal_eye_of_the_storm, minmay_temple_entry_proselytizer,
          uniq_pikel

Skill      XL: |  1  2  3  4  5  6  7  8  9 |
---------------+----------------------------+-----
Fighting       | 4 5 |  5.9
Shields        | 4 5 6 7 |  7.2
Armour         | 4 5 6 7 |  7.7
Long Blades    | 3 4 5 6 8 9 |  9.8
Throwing       | 1 2 3 4 |  4.0
Dodging        | 2 3 |  3.1
Stealth        | |  0.6

Action                   |  1- 3 |  4- 6 |  7- 9 || total
-------------------------+-------+-------+-------++-------
Melee: Long sword        |   102 |   113 |   298 ||   513
       Headbutt          |    17 |    25 |    59 ||   101
Throw: Dart              |    15 |       |     8 ||    23
       Stone             |    31 |    31 |    33 ||    95
       Boomerang         |       |       |    21 ||    21
Evoke: Wand              |       |       |     1 ||     1
  Use: Scroll            |     3 |       |    12 ||    15
       Potion            |     1 |     2 |     2 ||     5
 Stab: Invisible         |       |       |     1 ||     1
Armor: Scale mail        |    61 |    35 |       ||    96
       Chain mail        |       |    25 |   100 ||   125
Dodge: Dodged            |    39 |    40 |    62 ||   141
Block: Kite shield       |    66 |    70 |   152 ||   288
       Rpst.: Long sword |    12 |    12 |    18 ||    42
